 Dungeon Crawl Stone Soup version 0.30-a0-50-gb2d611f6b1 (webtiles) character file.

Game seed: 5844775378417776346

22 timneilson the Covered (level 2, 0/19 HPs)
             Began as a Gargoyle Fighter on Sept 3, 2022.
             Killed from afar by Natasha (6 damage)
             ... with a magic dart
             ... on level 2 of the Dungeon.
             The game lasted 00:01:02 (1333 turns).

timneilson the Covered (Gargoyle Fighter)           Turns: 1333, Time: 00:01:03

Health: 0/19       AC:  9    Str: 19    XL:     2   Next: 91%
Magic:  2/2        EV:  9    Int:  8    God:
Gold:   54         SH:  4    Dex:  9    Spells: 1/1 levels left

rFire   . . .      SeeInvis .    a - +0 long sword
rCold   . . .      Faith    .    c - +0 buckler
rNeg    + . .      Spirit   .    b - +0 scale mail
rPois   ∞          Reflect  .    (no helmet)
rElec   +          Harm     .    (no cloak)
rCorr   .          Rampage  .    (no gloves)
Will    .....                    (no boots)
Stlth   ..........               (no amulet)
HPRegen 0.06/turn                (no ring)
MPRegen 0.08/turn                (no ring)

@: no status effects
A: sickness immunity, AC +2, negative energy resistance 1, electricity
resistance, torment resistance 1, petrification resistance
a: no special abilities


You were on level 2 of the Dungeon.
You visited 1 branch of the dungeon, and saw 2 of its levels.

You collected 54 gold pieces.

Inventory:

Hand Weapons
 a - a +0 long sword (weapon)
Armour
 b - a +0 scale mail (worn)
 c - a +0 buckler (worn)
Scrolls
 e - a scroll of fog
 f - a scroll of identify
 h - a scroll of immolation {unknown}
Potions
 d - 3 potions of might
 g - a potion of curing


   Skills:
 + Level 3.4 Fighting
 * Level 2.1 Long Blades
 * Level 3.7 Armour
 + Level 0.3 Dodging
 * Level 3.6 Shields


You had one spell level left.
You didn't know any spells.
Your spell library was empty.

Dungeon Overview and Level Annotations

Branches:
Dungeon (2/15)

Altars:

Annotations:
D:2 Natasha


Innate Abilities, Weirdness & Mutations

You are immune to sickness and miasma.
Your stone body is resilient. (AC +2)
You are immune to poison.
You resist negative energy. (rN+)
You are resistant to electric shocks. (rElec)
You are resistant to unholy torment.
You are immune to petrification.


Message History

You are too injured to fight recklessly!
You hit the endoplasm.
You kill the endoplasm!
Natasha, Servant of Life and Death comes into view.
Natasha hisses angrily.
A worm comes into view.
Found a faded altar of an unknown god.
Found 14 gold pieces.
Natasha claws you.
You hit Natasha.
Natasha is moderately wounded.
Natasha claws you but does no damage. Natasha barely misses you.
You hit Natasha.
Natasha is heavily wounded.
Natasha claws you but does no damage.
You closely miss Natasha.
Natasha is heavily wounded.
Natasha casts a spell at you. The magic dart hits you.
You closely miss Natasha.
Natasha is heavily wounded.
Natasha claws you but does no damage. Natasha barely misses you.
You closely miss Natasha.
Natasha is heavily wounded.
Natasha claws you but does no damage.
You closely miss Natasha.
Natasha is heavily wounded.
Natasha barely misses you. The worm bites you but does no damage.
You hit Natasha.
Natasha is severely wounded.
Natasha claws you. Natasha claws you but does no damage. The worm bites you.
Natasha attacks as you move away! Natasha closely misses you.
Natasha mumbles some strange words.
Natasha growls.
Natasha stares at you and mumbles some strange words.
The magic dart hits you. The white imp gestures at you.
The puff of frost hits you but does no damage.
Natasha casts a spell at you. The magic dart hits you.
You die...

##.####.#.....##.......
#......####...#######......
#...........### #.......
#..........## ###.......
#..........#####.........
#.................#......
#.....###....####......#.
#.....###.##.# ####.....
#.....h.@.##.# #.###.
##.>....#####.# #.###.
#...5w.## #>### ##.##..
8.8.....#####
#...####..##.# ._...####
###.##...###.# $...
##.###...##.# ...
#...........# #.
#..........## #
#..........#


You could see a worm, Natasha and a white imp (summoned).

Vanquished Creatures
  2 endoplasms
  2 giant cockroaches (D:2)
  3 goblins (D:1)
  3 jackals (D:1)
  2 quokkas
  A ball python (D:2)
  2 bats (D:1)
  3 kobolds
  2 rats (D:1)
20 creatures vanquished.

Notes
Turn   | Place    | Note
-------+----------+-------------------------------------------
     0 | D:1      | timneilson the Gargoyle Fighter began the quest for the
                  | Orb.
     0 | D:1      | Reached XP level 1. HP: 14/14 MP: 1/1
   635 | D:1      | Reached XP level 2. HP: 19/19 MP: 2/2
   950 | D:2      | Identified the +2 robe of Ikuts {Dex+7}
  1315 | D:2      | Noticed Natasha
  1317 | D:2      | Found a faded altar of an unknown god.
  1333 | D:2      | Killed from afar by Natasha

Illustrated notes

Levels and vault maps discovered:
D:1:      saegor_arrival_simple_e, layout_basic, kennysheep_nondescript,
          kennysheep_small_spiral, st_stairs_5, chequers_serial_rivers_micro_c
D:2:      layout_rooms, basic_altar, dreamdust_ecumenical_altar_statues,
          kennysheep_cross_bottleneck, uniq_natasha, uniq_terence

Skill      XL: |  1  2 |
---------------+-------+-----
Long Blades    | 2 |  2.1
Fighting       | |  3.4
Armour         | |  3.7
Dodging        | |  0.3
Shields        | |  3.6

Action                   || total
-------------------------++-------
Melee: Long sword        ||   105
  Use: Scroll            ||     4
Armor: Scale mail        ||    60
Dodge: Dodged            ||    63
Block: Buckler           ||    19

Table legend: (Time is in decaauts)
 A = Elapsed time spent in this place.
 B = Non-inter-level travel time spent in this place.
 C = Inter-level travel time spent in this place.
 D = Time resting spent in this place.
 E = Time spent auto-exploring this place.
 F = Levels seen in this place.
 G = Mean time per level.
                   A        B        C        D        E       F      G
               +--------+--------+--------+--------+--------+-----+--------+
         Total |   1368 |   1345 |     23 |      0 |   1127 |   2 |  684.0 |
       Dungeon |   1368 |   1345 |     23 |      0 |   1127 |   2 |  684.0 |
               +--------+--------+--------+--------+--------+-----+--------+

Top non-repeatable levels by time:
     D:1: 968 daAuts
     D:2: 399 daAuts
